[ AOE2 MATCH · #506324129 ]
UnrankedVietnamese vs Burmese
Player's team · LOSS
Rival team · WIN
[ REPLAY ANALYSIS · EXTRACTED FROM THE RECORDED GAME ]
Feudal
13:55
Castle
23:20
Imperial
34:53
| APM avg | 67.4 |
| APM peak | 108 |
| eAPM avg | 32.4 |
| Villagers / military | 178 / 134 |
Focus
⚔️ 51.0% · 🌾 49.0%
Skirmisher ×84 · Scout Cavalry ×21 · Rattan Archer ×10 · Militia ×5 · Monk ×4 · Bombard Cannon ×4
Feudal
8:54
Castle
21:44
Imperial
35:54
| APM avg | 70.2 |
| APM peak | 117 |
| eAPM avg | 34.1 |
| Villagers / military | 173 / 146 |
Focus
⚔️ 36.4% · 🌾 63.6%
Arambai ×77 · Scout Cavalry ×37 · Trebuchet (Packed) ×10 · Archer ×6 · Spearman ×6 · Monk ×5
Match map
Initial resources + every placement click. Lines = walls · curves = elevation contours. ◆ gold · ⬟ stone · ● berries · ✦ relic · ◌ wall gap
Your base· Open — 4t gap
Mr.Bean's base· ✓ Closed at 21:44 · 71t walls · 4 gate(s)
Smoothed initial terrain · ◌ = detected wall gap · hover for details
Inputs per minute
— Survivalist - - Mr.Bean
Build order — Survivalist
First 150 of 533 actions detected
| 0:00 | Create | Villager (Male) |
| 0:01 | Build | House |
| 0:02 | Build | House |
| 0:06 | Create | Villager (Male) |
| 0:06 | Create | Villager (Male) |
| 0:08 | Create | Villager (Male) |
| 1:25 | Create | Villager (Male) |
| 1:25 | Create | Villager (Male) |
| 2:01 | Create | Villager (Male) |
| 2:01 | Create | Villager (Male) |
| 2:17 | Create | Villager (Male) |
| 2:55 | Create | Villager (Male) |
| 3:07 | Build | Barracks |
| 3:19 | Create | Villager (Male) |
| 3:33 | Create | Villager (Male) |
| 3:53 | Build | House |
| 3:57 | Create | Villager (Male) |
| 4:12 | Create | Militia |
| 4:21 | Create | Militia |
| 4:31 | Build | Palisade Wall |
| 4:35 | Build | Palisade Wall |
| 4:36 | Build | Palisade Wall |
| 4:38 | Build | Palisade Wall |
| 4:40 | Build | Palisade Wall |
| 4:45 | Create | Villager (Male) |
| 5:08 | Create | Villager (Male) |
| 5:24 | Create | Villager (Male) |
| 5:26 | Build | Palisade Wall |
| 5:26 | Build | Palisade Wall |
| 5:27 | Build | Palisade Wall |
| 5:28 | Build | Palisade Wall |
| 5:28 | Build | Palisade Wall |
| 5:29 | Build | Palisade Wall |
| 5:29 | Build | Palisade Wall |
| 5:29 | Build | Palisade Wall |
| 5:30 | Build | Palisade Wall |
| 5:37 | Create | Militia |
| 5:51 | Create | Militia |
| 5:54 | Create | Villager (Male) |
| 5:56 | Build | House |
| 6:08 | Build | Palisade Wall |
| 6:29 | Build | Palisade Wall |
| 6:30 | Build | Palisade Wall |
| 6:30 | Build | Palisade Wall |
| 6:30 | Build | Palisade Wall |
| 6:31 | Build | Palisade Wall |
| 6:31 | Build | Palisade Wall |
| 6:31 | Build | Palisade Wall |
| 6:40 | Create | Villager (Male) |
| 6:54 | Create | Militia |
| 6:55 | Create | Villager (Male) |
| 7:08 | Create | Villager (Male) |
| 7:45 | Build | House |
| 7:52 | Create | Villager (Male) |
| 8:23 | Create | Villager (Male) |
| 8:27 | Build | Mill |
| 8:42 | Research | Loom |
| 8:58 | Build | House |
| 8:59 | Build | Palisade Wall |
| 9:01 | Build | Palisade Wall |
| 9:02 | Create | Villager (Male) |
| 9:02 | Create | Villager (Male) |
| 9:21 | Create | Villager (Male) |
| 9:24 | Build | House |
| 9:30 | Create | Villager (Male) |
| 10:03 | Create | Villager (Male) |
| 10:11 | Create | Villager (Male) |
| 10:30 | Build | Palisade Wall |
| 10:34 | Build | Palisade Wall |
| 10:39 | Create | Villager (Male) |
| 10:57 | Build | Lumber Camp |
| 11:00 | Create | Villager (Male) |
| 11:24 | Build | Palisade Wall |
| 11:27 | Build | Palisade Wall |
| 11:28 | Create | Villager (Male) |
| 11:45 | Research | Feudal Age |
| 11:45 | Research | Feudal Age |
| 11:57 | Build | Palisade Wall |
| 11:57 | Build | Palisade Wall |
| 11:58 | Build | Palisade Wall |
| 12:01 | Build | Palisade Wall |
| 12:08 | Build | Palisade Wall |
| 12:12 | Build | Palisade Wall |
| 12:22 | Build | Palisade Wall |
| 12:41 | Build | Farm |
| 12:52 | Build | House |
| 13:00 | Build | Palisade Gate |
| 13:01 | Build | Palisade Wall |
| 13:26 | Create | Villager (Male) |
| 13:55 | Age | Feudal Age |
| 14:06 | Build | Stable |
| 14:20 | Create | Villager (Male) |
| 14:25 | Research | Double-Bit Axe |
| 14:25 | Research | Double-Bit Axe |
| 14:28 | Build | Lumber Camp |
| 14:37 | Create | Villager (Male) |
| 14:49 | Create | Scout Cavalry |
| 14:53 | Build | Palisade Wall |
| 14:57 | Create | Scout Cavalry |
| 14:59 | Create | Villager (Male) |
| 15:14 | Create | Villager (Male) |
| 15:25 | Create | Villager (Male) |
| 15:28 | Build | Farm |
| 15:28 | Build | Farm |
| 15:28 | Build | Farm |
| 15:29 | Build | Farm |
| 15:33 | Build | Farm |
| 15:39 | Build | House |
| 15:45 | Create | Villager (Male) |
| 15:59 | Build | Farm |
| 16:01 | Build | Farm |
| 16:09 | Create | Scout Cavalry |
| 16:13 | Build | Farm |
| 16:20 | Create | Villager (Male) |
| 16:33 | Build | Farm |
| 16:39 | Create | Villager (Male) |
| 16:41 | Build | Farm |
| 16:42 | Build | Farm |
| 16:59 | Create | Villager (Male) |
| 17:13 | Create | Villager (Male) |
| 17:16 | Build | House |
| 17:18 | Create | Scout Cavalry |
| 17:24 | Build | Farm |
| 17:25 | Build | Farm |
| 17:26 | Research | Horse Collar |
| 17:29 | Research | Wheelbarrow |
| 17:37 | Build | Farm |
| 17:38 | Build | Farm |
| 17:40 | Build | Farm |
| 18:17 | Create | Villager (Male) |
| 18:21 | Build | Farm |
| 18:28 | Build | Mill |
| 18:28 | Build | Farm |
| 18:28 | Build | Farm |
| 18:29 | Build | Farm |
| 18:29 | Build | Farm |
| 18:52 | Create | Villager (Male) |
| 18:59 | Build | Farm |
| 19:00 | Build | Farm |
| 19:00 | Build | Farm |
| 19:01 | Build | Farm |
| 19:06 | Create | Villager (Male) |
| 19:50 | Create | Villager (Male) |
| 20:04 | Build | Blacksmith |
| 20:06 | Create | Villager (Male) |
| 20:27 | Research | Castle Age |
| 20:43 | Create | Villager (Male) |
| 20:45 | Build | Mining Camp |
| 21:17 | Create | Scout Cavalry |
| 21:30 | Build | Stable |
Build order — Mr.Bean
First 150 of 503 actions detected
| 0:00 | Create | Villager (Male) |
| 0:02 | Build | House |
| 0:03 | Build | House |
| 0:04 | Create | Villager (Male) |
| 0:04 | Create | Villager (Male) |
| 0:05 | Create | Villager (Male) |
| 1:22 | Create | Villager (Male) |
| 1:59 | Build | Mill |
| 2:02 | Create | Villager (Male) |
| 2:17 | Create | Villager (Male) |
| 2:53 | Create | Villager (Male) |
| 3:16 | Create | Villager (Male) |
| 3:38 | Create | Villager (Male) |
| 3:38 | Create | Villager (Male) |
| 3:58 | Build | House |
| 4:13 | Create | Villager (Male) |
| 4:14 | Create | Villager (Male) |
| 4:14 | Create | Villager (Male) |
| 4:41 | Create | Villager (Male) |
| 4:41 | Create | Villager (Male) |
| 5:09 | Research | Loom |
| 5:09 | Research | Loom |
| 5:53 | Create | Villager (Male) |
| 5:59 | Build | Lumber Camp |
| 6:19 | Create | Villager (Male) |
| 6:44 | Research | Feudal Age |
| 7:56 | Build | House |
| 8:03 | Build | Palisade Wall |
| 8:09 | Build | Palisade Wall |
| 8:13 | Build | Palisade Wall |
| 8:14 | Build | House |
| 8:18 | Create | Villager (Male) |
| 8:34 | Build | Barracks |
| 8:54 | Age | Feudal Age |
| 9:09 | Build | Palisade Gate |
| 9:17 | Build | Palisade Gate |
| 9:21 | Build | Palisade Wall |
| 9:39 | Build | Archery Range |
| 9:44 | Create | Spearman |
| 9:46 | Create | Villager (Male) |
| 9:53 | Create | Villager (Male) |
| 10:11 | Build | House |
| 10:17 | Build | Palisade Wall |
| 10:22 | Create | Archer |
| 10:23 | Create | Villager (Male) |
| 10:38 | Build | House |
| 10:39 | Build | Palisade Wall |
| 10:45 | Build | Palisade Wall |
| 10:46 | Build | Palisade Wall |
| 10:47 | Create | Villager (Male) |
| 10:48 | Build | Palisade Wall |
| 10:50 | Build | Palisade Wall |
| 10:52 | Build | Palisade Wall |
| 10:59 | Create | Villager (Male) |
| 11:02 | Build | Mining Camp |
| 11:43 | Create | Villager (Male) |
| 11:53 | Create | Archer |
| 12:09 | Create | Villager (Male) |
| 12:09 | Create | Villager (Male) |
| 12:17 | Create | Villager (Male) |
| 12:24 | Build | Farm |
| 12:28 | Build | Farm |
| 12:33 | Build | Farm |
| 12:38 | Build | Farm |
| 12:44 | Create | Archer |
| 12:47 | Build | Farm |
| 12:58 | Create | Archer |
| 13:01 | Create | Villager (Male) |
| 13:01 | Create | Villager (Male) |
| 13:03 | Build | Farm |
| 13:33 | Build | Farm |
| 13:35 | Research | Horse Collar |
| 13:35 | Research | Horse Collar |
| 13:45 | Build | Farm |
| 13:48 | Create | Archer |
| 14:00 | Create | Villager (Male) |
| 14:00 | Create | Villager (Male) |
| 14:03 | Build | House |
| 14:13 | Build | Palisade Gate |
| 14:15 | Build | House |
| 14:25 | Create | Archer |
| 14:30 | Build | Farm |
| 14:30 | Create | Villager (Male) |
| 14:31 | Create | Villager (Male) |
| 14:31 | Build | Farm |
| 14:50 | Build | Lumber Camp |
| 14:51 | Build | Palisade Wall |
| 14:58 | Create | Villager (Male) |
| 15:02 | Create | Villager (Male) |
| 15:18 | Build | Farm |
| 15:42 | Create | Villager (Male) |
| 15:44 | Build | Farm |
| 15:50 | Create | Villager (Male) |
| 15:55 | Build | House |
| 15:59 | Build | Palisade Wall |
| 16:03 | Build | Market |
| 16:10 | Build | House |
| 16:17 | Build | Palisade Wall |
| 16:19 | Build | Farm |
| 16:28 | Build | Palisade Wall |
| 16:32 | Build | House |
| 16:42 | Create | Villager (Male) |
| 16:44 | Create | Villager (Male) |
| 16:49 | Build | Farm |
| 16:50 | Build | Farm |
| 16:53 | Create | Spearman |
| 17:16 | Create | Villager (Male) |
| 17:17 | Create | Villager (Male) |
| 17:20 | Build | House |
| 17:21 | Build | Palisade Wall |
| 17:27 | Create | Spearman |
| 17:32 | Build | Palisade Wall |
| 17:40 | Build | Farm |
| 18:26 | Create | Villager (Male) |
| 18:29 | Build | Palisade Wall |
| 18:31 | Build | Palisade Wall |
| 18:37 | Build | Palisade Wall |
| 18:51 | Build | Palisade Wall |
| 18:52 | Build | Palisade Wall |
| 19:01 | Build | Mining Camp |
| 19:04 | Research | Castle Age |
| 19:05 | Research | Castle Age |
| 19:08 | Build | House |
| 19:12 | Build | Palisade Wall |
| 19:21 | Create | Spearman |
| 19:25 | Build | House |
| 19:35 | Build | Palisade Wall |
| 19:37 | Build | Palisade Wall |
| 19:39 | Build | Palisade Wall |
| 19:40 | Build | Palisade Wall |
| 19:43 | Build | Palisade Wall |
| 20:51 | Research | Gold Mining |
| 21:19 | Build | Palisade Gate |
| 21:25 | Research | Stone Mining |
| 21:44 | Age | Castle Age |
| 21:45 | Build | Monastery |
| 21:47 | Create | Villager (Male) |
| 21:47 | Create | Villager (Male) |
| 21:51 | Build | Town Center |
| 22:06 | Build | Town Center |
| 22:19 | Create | Villager (Male) |
| 22:25 | Create | Skirmisher |
| 22:30 | Create | Villager (Male) |
| 22:41 | Create | Monk |
| 22:41 | Create | Monk |
| 22:43 | Create | Villager (Male) |
| 22:48 | Create | Villager (Male) |
| 22:49 | Create | Villager (Male) |
| 22:59 | Create | Spearman |
| 23:08 | Create | Villager (Male) |
Match timeline
| 3:07 | Survivalist · first_building Barracks |
| 4:31 | Survivalist · wall_segment Palisade Wall x1 |
| 4:35 | Survivalist · wall_segment Palisade Wall x1 |
| 4:36 | Survivalist · wall_segment Palisade Wall x1 |
| 4:38 | Survivalist · wall_segment Palisade Wall x1 |
| 4:40 | Survivalist · wall_segment Palisade Wall x1 |
| 5:26 | Survivalist · wall_segment Palisade Wall x1 |
| 5:26 | Survivalist · wall_segment Palisade Wall x1 |
| 5:27 | Survivalist · wall_segment Palisade Wall x1 |
| 5:28 | Survivalist · wall_segment Palisade Wall x2 |
| 5:28 | Survivalist · wall_segment Palisade Wall x1 |
| 5:29 | Survivalist · wall_segment Palisade Wall x1 |
| 5:29 | Survivalist · wall_segment Palisade Wall x2 |
| 5:29 | Survivalist · wall_segment Palisade Wall x2 |
| 5:30 | Survivalist · wall_segment Palisade Wall x1 |
| 6:08 | Survivalist · wall_segment Palisade Wall x1 |
| 6:29 | Survivalist · wall_segment Palisade Wall x1 |
| 6:30 | Survivalist · wall_segment Palisade Wall x1 |
| 6:30 | Survivalist · wall_segment Palisade Wall x2 |
| 6:30 | Survivalist · wall_segment Palisade Wall x2 |
| 6:31 | Survivalist · wall_segment Palisade Wall x2 |
| 6:31 | Survivalist · wall_segment Palisade Wall x1 |
| 6:31 | Survivalist · wall_segment Palisade Wall x1 |
| 8:03 | Mr.Bean · wall_segment Palisade Wall x8 |
| 8:09 | Mr.Bean · wall_segment Palisade Wall x1 |
| 8:13 | Mr.Bean · wall_segment Palisade Wall x1 |
| 8:34 | Mr.Bean · first_building Barracks |
| 8:54 | Mr.Bean · age_up feudal |
| 8:59 | Survivalist · wall_segment Palisade Wall x1 |
| 9:01 | Survivalist · wall_segment Palisade Wall x1 |
| 9:21 | Mr.Bean · wall_segment Palisade Wall x1 |
| 9:39 | Mr.Bean · first_building Archery Range |
| 10:17 | Mr.Bean · wall_segment Palisade Wall x1 |
| 10:30 | Survivalist · wall_segment Palisade Wall x9 |
| 10:34 | Survivalist · wall_segment Palisade Wall x6 |
| 10:39 | Mr.Bean · wall_segment Palisade Wall x1 |
| 10:45 | Mr.Bean · wall_segment Palisade Wall x1 |
| 10:46 | Mr.Bean · wall_segment Palisade Wall x1 |
| 10:48 | Mr.Bean · wall_segment Palisade Wall x1 |
| 10:50 | Mr.Bean · wall_segment Palisade Wall x1 |
| 10:52 | Mr.Bean · wall_segment Palisade Wall x1 |
| 11:24 | Survivalist · wall_segment Palisade Wall x1 |
| 11:27 | Survivalist · wall_segment Palisade Wall x7 |
| 11:57 | Survivalist · wall_segment Palisade Wall x1 |
| 11:57 | Survivalist · wall_segment Palisade Wall x1 |
| 11:58 | Survivalist · wall_segment Palisade Wall x1 |
| 12:01 | Survivalist · wall_segment Palisade Wall x5 |
| 12:08 | Survivalist · wall_segment Palisade Wall x5 |
| 12:12 | Survivalist · wall_segment Palisade Wall x6 |
| 12:22 | Survivalist · wall_segment Palisade Wall x7 |
| 13:01 | Survivalist · wall_segment Palisade Wall x1 |
| 13:55 | Survivalist · age_up feudal |
| 14:06 | Survivalist · first_building Stable |
| 14:51 | Mr.Bean · wall_segment Palisade Wall x8 |
| 14:53 | Survivalist · wall_segment Palisade Wall x8 |
| 15:59 | Mr.Bean · wall_segment Palisade Wall x3 |
| 16:17 | Mr.Bean · wall_segment Palisade Wall x4 |
| 16:28 | Mr.Bean · wall_segment Palisade Wall x3 |
| 17:21 | Mr.Bean · wall_segment Palisade Wall x13 |
| 17:26 | Mr.Bean · first_market_buy 100 food |
| 17:32 | Mr.Bean · wall_segment Palisade Wall x5 |
| 17:58 | Mr.Bean · first_market_sell 100 wood |
| 18:29 | Mr.Bean · wall_segment Palisade Wall x1 |
| 18:31 | Mr.Bean · wall_segment Palisade Wall x1 |
| 18:37 | Mr.Bean · wall_segment Palisade Wall x8 |
| 18:51 | Mr.Bean · wall_segment Palisade Wall x1 |
| 18:52 | Mr.Bean · wall_segment Palisade Wall x1 |
| 19:12 | Mr.Bean · wall_segment Palisade Wall x1 |
| 19:35 | Mr.Bean · wall_segment Palisade Wall x3 |
| 19:37 | Mr.Bean · wall_segment Palisade Wall x1 |
| 19:39 | Mr.Bean · wall_segment Palisade Wall x1 |
| 19:40 | Mr.Bean · wall_segment Palisade Wall x1 |
| 19:43 | Mr.Bean · wall_segment Palisade Wall x1 |
| 21:44 | Mr.Bean · age_up castle |
| 21:45 | Mr.Bean · first_building Monastery |
| 22:15 | Survivalist · first_building Archery Range |
| 23:20 | Survivalist · age_up castle |
| 24:03 | Mr.Bean · wall_segment Stone Wall x1 |
| 24:55 | Mr.Bean · wall_segment Palisade Wall x1 |
| 25:19 | Mr.Bean · first_building Castle |
| 26:38 | Mr.Bean · wall_segment Stone Wall x12 |
| 27:32 | Mr.Bean · wall_segment Palisade Wall x1 |
| 27:40 | Survivalist · first_building Monastery |
| 27:41 | Mr.Bean · first_building Stable |
| 28:08 | Mr.Bean · wall_segment Stone Wall x1 |
| 28:39 | Mr.Bean · wall_segment Stone Wall x2 |
| 29:12 | Mr.Bean · wall_segment Stone Wall x1 |
| 30:46 | Survivalist · first_building Castle |
| 31:42 | Survivalist · first_market_sell 500 wood |
| 34:48 | Mr.Bean · first_building Siege Workshop |
| 34:53 | Survivalist · age_up imperial |
| 35:54 | Mr.Bean · age_up imperial |
| 38:16 | Survivalist · wall_segment Stone Wall x1 |
| 39:11 | Survivalist · first_building Siege Workshop |
| 39:30 | Mr.Bean · wall_segment Stone Wall x14 |
| 39:36 | Survivalist · first_market_buy 100 food |
| 44:47 | Survivalist · resign |
[ AI ANALYSIS · 1 CREDIT ]
What really happened in this match?
Wolo.gg analyzes every decision: build order, eco, micro, common mistakes by bracket. Personalized analysis on WhatsApp or Discord in 30 seconds.
Civ guide
Vietnamese
Perfil
Jugador #247224